Map: Dusk Towers

Players

ILLBdA - Winner!

  • Race: Protoss Protoss
  • League: Diamond

천상의연

  • Race: Protoss Protoss
  • League: Diamond

VOD

Have the link to the VOD?

Description

Time

  • Played on: Dec. 22, 2015, 8:39 a.m.
  • Length: 3:00
Show
View Real Time Build Order
Export as new Build Order

ILLBdA Protoss - Winner!

Build Orders:  

Get SALT Encoding   

  12  0:01  Probe (Chrono Boost)  
  13  0:11  Probe (Chrono Boost)  
  14  0:18  Pylon  
  14  0:22  Probe (Chrono Boost)  
  15  0:36  Probe (Chrono Boost)  
  15  0:40  Forge  
  16  0:46  Probe (Chrono Boost)  
  18  0:57  Probe (Chrono Boost)  
  18  1:19  Pylon  
  18  1:20  Pylon  
  18  1:21  Pylon  
  18  1:31  Pylon  
  18  1:33  Pylon  
  18  1:38  Photon Cannon  
  18  1:44  Probe (Chrono Boost)  
  17  1:54  Probe (Chrono Boost)  
  17  1:58  Photon Cannon  
  18  2:05  Probe (Chrono Boost)  
  19  2:10  Photon Cannon  
  19  2:11  Gateway  
  19  2:23  Photon Cannon  
  19  2:33  Photon Cannon  
  19  2:43  Photon Cannon  
Show
View Real Time Build Order
Export as new Build Order

천상의연 Protoss 

Build Orders: Nexus First 

Get SALT Encoding   

  12  0:01  Probe (Chrono Boost)  
  13  0:11  Probe (Chrono Boost)  
  14  0:18  Pylon  
  14  0:22  Probe (Chrono Boost)  
  15  0:36  Probe (Chrono Boost)  
  16  0:47  Probe (Chrono Boost)  
  17  0:59  Nexus  
  17  1:10  Gateway  
  17  1:15  Assimilator  
  17  1:17  Probe (Chrono Boost)  
  18  1:59  Zealot (Chrono Boost)  
  19  2:29  Zealot (Chrono Boost)  
Tags
 
Matchup
PvP
Replay Pack
me
Add a new tag
Caveats
  • Supply blocks, unpowered buildings, or Contaminate may cause inaccurate times.
  • Supply counts are checked every 10 seconds.